Map: Deathaura LE

Players

soul - Winner!

  • Race: Terran Terran
  • League: Grandmaster
  • Spawn Location: 5:00

TLHarstem (Harstem)

  • Race: Protoss Protoss
  • League: Master
  • Spawn Location: 11:00

Event: DreamHack SC2 Masters 2020 Fall

VOD

Have the link to the VOD?

Description

Time

  • Played on: Aug. 30, 2020, 11:17 a.m.
  • Length: 14:08

All games in this series

Show
View Real Time Build Order
Export as new Build Order

soul Terran - Winner!

Build Orders:  

Get SALT Encoding   

  12  0:00  SCV  
  13  0:12  SCV  
  14  0:16  Supply Depot  
  14  0:24  SCV  
  15  0:38  SCV  
  15  0:39  Barracks  
  16  0:43  Refinery  
  16  0:50  SCV  
  17  1:02  SCV  
  18  1:14  SCV  
  19  1:26  Orbital Command, Marine  
  20  1:41  Command Center  
  20  1:53  SCV  
  20  1:54  Factory  
  21  2:00  Supply Depot  
  21  2:02  Barracks Reactor  
  21  2:09  SCV  
  22  2:18  Refinery  
  22  2:24  SCV  
  23  2:36  SCV  
  24  2:39  Starport  
  28  2:44  Hellion x2  
  28  2:47  Starport  
  28  2:49  Marine  
  29  2:51  SCV  
  30  2:59  Orbital Command  
  30  3:04  SCV  
  31  3:06  Hellion  
  31  3:09  Hellion  
  35  3:15  Barracks Tech Lab  
  35  3:16  SCV  
  36  3:23  Medivac  
  36  3:27  SCV  
  39  3:28  SCV, Supply Depot  
  40  3:36  Widow Mine x2  
  40  3:39  SCV  
  45  3:41  Supply Depot  
  45  3:42  SCV  
  46  3:51  SCV  
  46  3:52  Supply Depot  
  46  3:55  SCV, Medivac  
  50  4:03  SCV  
  50  4:05  Supply Depot  
  50  4:07  SCV  
  55  4:11  Marine  
  55  4:12  Marine  
  55  4:15  SCV  
  58  4:20  SCV, Supply Depot  
  59  4:27  SCV  
  59  4:30  Command Center  
  57  4:32  SCV  
  57  4:35  Marine  
  59  4:39  SCV  
  59  4:42  Siege Tank  
  59  4:49  Marine  
  59  4:50  SCV  
  59  4:51  SCV  
  58  4:57  Bunker  
  58  4:58  Barracks  
  58  4:59  Barracks  
  56  5:00  Marine  
  56  5:02  SCV  
  56  5:05  SCV  
  57  5:07  Marine  
  57  5:14  SCV  
  57  5:15  Engineering Bay, Siege Tank  
  57  5:16  Refinery x2  
  57  5:17  Engineering Bay  
  57  5:20  Starport Tech Lab  
  61  5:21  SCV  
  61  5:22  Marine  
  61  5:26  SCV  
  63  5:35  SCV, Marine, Barracks  
  64  5:36  Barracks  
  64  5:41  SCV  
  64  5:42  Terran Infantry Weapons Level 1  
  66  5:45  Terran Infantry Armor Level 1  
  66  5:49  Starport Reactor  
  64  5:51  Orbital Command  
  64  5:53  SCV  
  64  5:54  Factory Reactor  
  64  5:55  Stimpack  
  65  5:58  Missile Turret  
  65  6:00  Marine  
  65  6:01  Marine  
  67  6:04  Combat Shield  
  67  6:06  Marine  
  67  6:08  SCV, Marine  
  67  6:10  Orbital Command  
  67  6:11  SCV  
  71  6:21  SCV, Marine  
  71  6:24  Barracks Reactor, Marauder, Barracks Tech Lab  
  75  6:26  Medivac, Marauder  
  75  6:28  Medivac  
  75  6:30  SCV  
  75  6:32  Widow Mine  
  84  6:34  Widow Mine  
  84  6:37  SCV, Supply Depot  
  84  6:38  SCV  
  84  6:39  Marine  
  89  6:42  SCV  
  89  6:46  Marauder x2, Marine  
  95  6:49  SCV  
  95  6:51  SCV  
  95  6:52  Supply Depot x2  
  97  6:55  Armory  
  97  7:01  SCV  
  97  7:04  Marauder, Marine  
  97  7:05  SCV  
  97  7:06  SCV  
  97  7:07  Marauder  
  105  7:13  SCV  
  105  7:14  Refinery  
  106  7:15  Supply Depot  
  106  7:16  Supply Depot, Refinery  
  106  7:17  Marauder, Ghost Academy  
  106  7:20  Medivac x2  
  111  7:23  Concussive Shells  
  111  7:26  SCV  
  111  7:28  SCV  
  113  7:33  Marine  
  113  7:35  Marauder x2, Marine x2  
  120  7:37  SCV  
  120  7:39  Marauder  
  120  7:41  SCV  
  124  7:46  SCV  
  124  7:50  Medivac x2  
  128  7:53  Marine  
  128  7:56  Marauder  
  128  7:57  Command Center  
  131  8:02  SCV x2  
  131  8:03  Supply Depot  
  131  8:04  Supply Depot  
  131  8:05  SCV  
  133  8:06  Starport  
  133  8:07  Terran Infantry Weapons Level 2  
  133  8:08  Factory Reactor, Marauder x2  
  133  8:10  Marine x2  
  139  8:20  Marauder  
  139  8:21  Marine  
  139  8:23  Medivac  
  139  8:24  Medivac  
  139  8:25  Marine  
  143  8:28  Marine x2  
  143  8:29  Marauder, Marine  
  143  8:30  SCV x3  
  143  8:33  Supply Depot x2  
  147  8:39  Terran Infantry Armor Level 2  
  147  8:42  SCV, Refinery x2  
  147  8:43  SCV  
  147  8:44  Marine  
  145  8:49  Marauder, Marine  
  145  8:51  SCV  
  145  8:54  SCV  
  145  8:55  Bunker, Marauder x2, Marine  
  153  8:58  Marine  
  153  9:01  Viking x2  
  153  9:02  Marine  
  159  9:06  Viking  
  159  9:07  Marine  
  159  9:08  Viking  
  164  9:10  Planetary Fortress, Marine  
  164  9:14  Marine  
  164  9:16  Marine x3  
  169  9:22  Marine  
  170  9:28  Fusion Core  
  170  9:32  Sensor Tower  
  170  9:33  Missile Turret  
  170  9:37  Liberator x2  
  176  9:41  Command Center  
  176  9:45  SCV  
  179  9:50  Medivac x2  
  183  9:53  SCV x2  
  183  9:57  SCV  
  183  9:58  Ghost x2  
  183  9:59  Marine  
  185  10:01  Marine x3  
  185  10:06  Enhanced Shockwaves, Supply Depot  
  188  10:17  Terran Ship Weapons Level 1  
  188  10:20  Barracks  
  188  10:21  Barracks x2  
  188  10:24  Advanced Ballistics  
  188  10:27  Liberator  
  188  10:28  SCV x2  
  193  10:31  Command Center, Missile Turret  
  193  10:40  Liberator  
  196  10:43  Terran Infantry Weapons Level 3  
  196  10:48  Supply Depot  
  196  10:56  Terran Infantry Armor Level 3  
  196  11:02  Liberator  
  199  11:07  Ghost  
  199  11:08  Barracks Tech Lab x2  
  194  11:20  Liberator  
  194  11:21  Marine x2  
  197  11:36  Marine  
  193  11:45  Liberator  
  193  11:46  Marine x2, Liberator  
  180  11:55  Liberator  
  171  12:02  Marine, Liberator  
  171  12:03  Marauder x2  
  171  12:06  Marine  
  171  12:08  Marine x6  
  178  12:20  Marine  
  176  12:24  Marauder  
  176  12:26  Marauder x4, Marine  
  176  12:28  Liberator x2  
  185  12:34  Marine  
  185  12:36  Marine  
  171  12:45  Marauder  
  171  12:46  SCV x3  
  171  12:47  Marauder  
  178  12:55  Marine  
  178  12:56  Marauder x3, Marine x4  
  178  12:58  SCV x3, Command Center  
  188  13:07  Marauder  
  188  13:09  Marauder  
  188  13:10  SCV  
  188  13:11  Supply Depot, Missile Turret  
  193  13:13  Marine x4  
  193  13:17  Marauder  
  199  13:23  Marine  
  194  13:35  Marine  
  194  13:37  Marine  
  194  13:38  Marauder, Marine  
  194  13:39  Marine  
  186  13:43  Marauder, Marine  
  186  13:45  Marauder, Marine  
  190  13:51  SCV  
  191  13:59  Missile Turret  
Show
View Real Time Build Order
Export as new Build Order

TLHarstem Protoss 

Build Orders: 1 Gate Expand, Colossus Rush 

Get SALT Encoding   

  12  0:00  Probe  
  13  0:12  Probe  
  14  0:17  Pylon  
  14  0:24  Probe (Chrono Boost)  
  15  0:36  Probe (Chrono Boost)  
  15  0:38  Gateway  
  16  0:45  Probe (Chrono Boost)  
  17  0:50  Assimilator  
  17  0:51  Probe  
  18  1:03  Probe  
  19  1:15  Probe  
  20  1:25  Cybernetics Core  
  20  1:32  Nexus  
  20  1:39  Pylon  
  20  1:43  Probe  
  21  1:50  Assimilator  
  21  1:55  Probe  
  21  1:58  Adept (Chrono Boost)  
  24  2:01  Warp Gate  
  24  2:08  Probe  
  25  2:18  Adept (Chrono Boost)  
  25  2:20  Probe  
  28  2:27  Robotics Facility  
  28  2:32  Probe  
  29  2:42  Gateway  
  30  2:44  Probe (Chrono Boost)  
  30  2:46  Probe (Chrono Boost)  
  31  2:57  Stalker  
  31  2:58  Probe (Chrono Boost)  
  35  3:02  Probe (Chrono Boost)  
  36  3:05  Probe (Chrono Boost)  
  36  3:09  Probe (Chrono Boost)  
  36  3:12  Probe  
  37  3:16  Pylon  
  37  3:17  Observer (Chrono Boost)  
  39  3:20  Probe  
  39  3:24  Probe  
  41  3:29  Observer (Chrono Boost)  
  41  3:32  Probe  
  43  3:37  Probe, Shield Battery  
  44  3:44  Nexus  
  44  3:45  Pylon  
  45  3:50  Probe (Chrono Boost)  
  45  3:52  Probe (Chrono Boost)  
  46  3:55  Stalker  
  46  4:00  Observer  
  46  4:01  Probe (Chrono Boost)  
  51  4:03  Probe (Chrono Boost)  
  51  4:05  Assimilator  
  51  4:06  Probe (Chrono Boost)  
  51  4:07  Stalker, Assimilator  
  54  4:11  Probe  
  54  4:15  Robotics Bay  
  55  4:18  Probe  
  55  4:23  Probe  
  57  4:30  Probe  
  57  4:31  Stalker  
  60  4:35  Probe (Chrono Boost), Pylon  
  48  4:46  Probe (Chrono Boost)  
  48  4:50  Probe (Chrono Boost)  
  46  4:56  Probe (Chrono Boost)  
  46  4:59  Probe x2 (Chrono Boost)  
  49  5:06  Probe x2 (Chrono Boost)  
  49  5:07  Probe (Chrono Boost)  
  52  5:13  Probe (Chrono Boost)  
  52  5:14  Probe (Chrono Boost)  
  52  5:16  Probe (Chrono Boost)  
  53  5:25  Probe (Chrono Boost), Colossus  
  61  5:30  Probe x2 (Chrono Boost)  
  61  5:31  Probe (Chrono Boost)  
  62  5:36  Probe, Extended Thermal Lance  
  62  5:38  Probe  
  62  5:39  Probe  
  65  5:44  Shield Battery  
  66  5:50  Probe (Chrono Boost)  
  66  5:51  Probe x2 (Chrono Boost)  
  66  5:54  Forge  
  66  5:56  Twilight Council  
  68  6:03  Probe x2 (Chrono Boost)  
  71  6:07  Probe (Chrono Boost), Pylon  
  71  6:08  Sentry  
  71  6:09  Probe (Chrono Boost)  
  71  6:10  Probe (Chrono Boost)  
  75  6:13  Probe (Chrono Boost)  
  75  6:16  Probe  
  75  6:18  Probe  
  78  6:19  Colossus (Chrono Boost)  
  78  6:22  Pylon  
  78  6:25  Probe  
  85  6:28  Probe, Protoss Ground Armor Level 1 (Chrono Boost)  
  85  6:30  Probe, Charge (Chrono Boost)  
  87  6:37  Pylon  
  88  6:44  Zealot x2, Photon Cannon  
  93  6:47  Pylon  
  89  6:54  Gateway x2  
  89  6:58  Gateway  
  89  7:00  Observer  
  89  7:01  Observer  
  90  7:05  Photon Cannon  
  90  7:06  Zealot x2  
  90  7:07  Templar Archives  
  93  7:16  Warp Prism  
  93  7:17  Pylon  
  93  7:19  Probe  
  96  7:26  Zealot x2  
  100  7:33  Probe  
  100  7:34  Nexus  
  100  7:36  Pylon  
  100  7:47  Zealot  
  100  7:52  Stalker x3  
  100  7:53  Blink  
  104  8:00  Probe  
  104  8:01  Zealot  
  104  8:05  Gateway  
  107  8:08  Gateway  
  107  8:09  Gateway  
  107  8:12  Nexus  
  107  8:13  Probe  
  107  8:15  Pylon  
  107  8:17  Observer  
  107  8:18  Zealot x3  
  112  8:25  Protoss Ground Weapons Level 1 (Chrono Boost)  
  102  8:28  Pylon  
  102  8:30  Zealot x5  
  102  8:33  Probe  
  113  8:36  Forge  
  113  8:41  Disruptor  
  116  8:55  Zealot x2  
  120  8:56  Probe  
  120  8:57  Photon Cannon  
  120  8:58  Pylon, Photon Cannon  
  120  8:59  High Templar x2  
  120  9:00  High Templar x2  
  129  9:03  Archon  
  129  9:04  Archon  
  129  9:09  Protoss Ground Armor Level 2 (Chrono Boost)  
  127  9:13  Probe x2  
  127  9:14  Probe  
  127  9:16  Pylon, Disruptor (Chrono Boost)  
  128  9:18  Pylon  
  128  9:19  Pylon  
  128  9:20  Pylon  
  131  9:25  Probe  
  131  9:26  Probe  
  131  9:29  Zealot x4  
  139  9:33  Probe  
  139  9:35  Shield Battery  
  139  9:37  Photon Cannon  
  141  9:38  Probe  
  141  9:40  Stalker  
  141  9:44  Disruptor (Chrono Boost)  
  139  9:49  Probe  
  139  9:51  Dark Shrine  
  139  9:52  Probe  
  142  9:53  Stalker, Assimilator  
  142  9:54  Gateway  
  142  9:56  Stalker, Gateway  
  146  10:03  Assimilator  
  146  10:14  High Templar x2  
  146  10:15  Zealot x3  
  146  10:21  Archon  
  156  10:23  Stalker x2  
  156  10:25  Zealot  
  156  10:27  Pylon  
  162  10:28  Nexus  
  162  10:29  Pylon  
  162  10:31  Probe  
  162  10:32  Probe x2  
  162  10:33  Probe  
  166  10:37  Pylon  
  166  10:43  Zealot x3  
  166  10:48  Probe  
  173  10:56  Disruptor  
  176  11:02  Stalker x3, Zealot x4  
  176  11:04  Probe  
  191  11:14  Probe  
  191  11:15  Protoss Ground Weapons Level 2, Pylon  
  192  11:24  Photon Cannon  
  192  11:26  Dark Templar x2  
  192  11:28  Photon Cannon  
  192  11:32  Assimilator, Disruptor (Chrono Boost)  
  193  11:33  Dark Templar  
  193  11:36  Probe  
  193  11:38  Assimilator  
  192  11:43  Pylon  
  192  11:44  Shield Battery  
  192  11:46  Dark Templar  
  168  11:57  Dark Templar  
  168  11:58  Dark Templar  
  168  11:59  Zealot x7  
  168  12:00  Probe  
  176  12:04  Disruptor (Chrono Boost)  
  175  12:14  Probe  
  166  12:15  Zealot  
  166  12:19  Zealot x3  
  166  12:20  Zealot x5  
  138  12:37  Stalker x2  
  138  12:38  Probe  
  138  12:39  Probe x3  
  146  12:51  Probe x3  
  149  12:52  Stalker x6  
  161  13:04  Dark Templar  
  163  13:09  Nexus  
  163  13:10  Probe  
  163  13:11  Probe  
  165  13:14  Photon Cannon  
  165  13:16  Stalker  
  165  13:17  Photon Cannon  
  162  13:25  Stalker x3  
  161  13:28  Dark Templar  
  109  13:42  Stalker x4  
  106  13:51  Probe  

Tags
 
Add a new tag
Caveats
  • Supply blocks, unpowered buildings, or Contaminate may cause inaccurate times.
  • Supply counts are checked every 10 seconds.